 Dungeon Crawl Stone Soup version 0.28-a0-1624-g820543e53a (webtiles) character file.

Game seed: 16061261662107517305

1934 agentchuck the Skirmisher (level 9, -2/69 HPs)
             Began as a Human Hunter on Jan 24, 2022.
             Was an Initiate of Gozag.
             Slain by a white ugly thing (26 damage)
             ... on level 7 of the Dungeon.
             The game lasted 00:30:30 (9109 turns).

agentchuck the Skirmisher (Human Hunter)            Turns: 9109, Time: 00:30:31

Health: -2/69      AC:  8    Str: 16    XL:     9   Next: 40%
Magic:  9/9        EV: 11    Int: 12    God:    Gozag
Gold:   592        SH:  5    Dex: 14    Spells: 8/8 levels left

rFire   + + .      SeeInvis +   e - +1 hunting sling
rCold   . . .      Faith    .   (no shield)
rNeg    . . .      Spirit   .   m - +0 ring mail {rPois}
rPois   +          Reflect  +   i - +1 helmet
rElec   +          Harm     .   (no cloak)
rCorr   .          Rampage  .   (no gloves)
Will    +....                   (no boots)
Stlth   +.........              A - amulet of reflection
HPRegen 0.21/turn               M - ring of willpower
MPRegen 0.11/turn               E - ring of Linearity {Fly rElec rF++ SInv}

@: about to teleport, gold aura, flying
A: no striking features
a: Renounce Religion, Potion Petition, Call Merchant, Bribe Branch


You were on level 7 of the Dungeon.
You worshipped Gozag.
Gozag was pleased with you.
You visited 1 branch of the dungeon, and saw 7 of its levels.
You also visited: Sewer.

You collected 961 gold pieces.
You spent 341 gold pieces at shops.
You paid 28 gold pieces to Gozag.


   Skills:
 + Level 6.2 Fighting
 + Level 5.5 Staves
 - Level 5.4 Slings
 + Level 5.6 Armour
 - Level 2.0 Dodging
 - Level 1.0 Stealth
 + Level 4.3 Evocations


You had 8 spell levels left.
You didn't know any spells.
Your spell library contained the following spells:

 Spells                   Type           Power      Damage    Failure   Level
 Conjure Flame            Conj/Fire      0%         6-21      87%         3
 Ignite Poison            Fire/Tmut/Pois 0%         N/A       87%         3
 Animate Dead             Necr           0%         N/A       99%         4
 Sticky Flame             Conj/Fire      0%         2d3       99%         4
 Borgnjor's Vile Clutch   Necr/Erth      0%         N/A       100%        5
 Death Channel            Necr           0%         N/A       100%        6

Inventory:

Hand Weapons
 a - a +0 whip of electrocution {don't train}
 e - a +1 hunting sling (weapon)
 q - a +2 vorpal mace {don't train}
 w - a +0 trident {don't train}
Missiles
 b - 181 stones {don't train}
 d - 10 sling bullets (quivered ammo)
 f - 10 poisoned darts {don't train}
 s - 8 boomerangs {don't train}
Armour
 i - a +1 helmet (worn)
 l - a +4 ring mail of fire resistance
 m - a +0 ring mail of poison resistance (worn)
 o - a +0 chain mail
Jewellery
 A - an amulet of reflection (around neck)
 E - the ring of Linearity (right hand) {Fly rElec rF++ SInv}
   (You found it on level 7 of the Dungeon)

   [ring of see invisible]

   rF:        It greatly protects you from fire.
   rElec:     It insulates you from electricity.
   SInv:      It lets you see invisible.
   Fly:       It grants you flight.
 M - a ring of willpower (left hand)
Wands
 p - a wand of flame (17)
Scrolls
 c - 2 scrolls of immolation {!r}
 h - 4 scrolls of teleportation {@r4}
 t - a scroll of fog
 x - 2 scrolls of torment {!r}
 C - a scroll of blinking
 D - a scroll of amnesia {unknown}
Potions
 g - 4 potions of curing {unknown}
 j - 3 potions of mutation {!q}
 k - 2 potions of haste {unknown}
 n - a potion of berserk rage {unknown}
 r - a potion of flight {unknown}
 u - 2 potions of might {unknown}
 v - 2 potions of heal wounds {unknown}
 z - 2 potions of degeneration {unknown}
Miscellaneous
 B - a condenser vane (inert)

Dungeon Overview and Level Annotations

Branches:
Dungeon (7/15)             Temple (0/1) D:7           Sewer (visited)

Altars:
Ashenzari
Cheibriados
Dithmenos
Gozag
Trog
Yredelemnul
The Shining One

Shops:
D:5 [

Annotations:
D:7 exclusion: hornet

##..## #...# ##..##
#...###########
##..####.............##
#....##..............#
##......##########...#
##....## ##..# #....#
##.. ##..)## #.< #.@).#
##. #.u.)## #### ▒.
##§§...## ###..#▒▒.
#§§§....####...#....
##§§§..........##.⌠..
##.............###....
#...(.######...####▒▒.
#....### ##...## ▒.
...((.## #....## #.


You could see a white ugly thing (extremely poisoned).


Message History

The killer bee is engulfed in poison gas.
The killer bee looks even sicker.
You block the killer bee's attack.
The white ugly thing is engulfed in poison gas.
The white ugly thing is poisoned.
The white ugly thing completely misses you.
Press: ? - help, v - describe, . - travel
Here: a white ugly thing (poison gas, moderately wounded, poisoned)
The floor.
Unknown command.
Aiming: Throw Flame
Press: ? - help, Shift-Dir - straight line, f/p - white ugly thing
Aim: a white ugly thing (poison gas, moderately wounded, poisoned, 74% to hit)
The puff of flame hits the white ugly thing!
The white ugly thing is heavily wounded.
You kill the killer bee!
The white ugly thing is engulfed in poison gas.
The white ugly thing looks even sicker.
The white ugly thing gores you! The white ugly thing freezes you!!
* * * LOW HITPOINT WARNING * * *
The white ugly thing is engulfed in poison gas.
The white ugly thing looks even sicker.
As you read the scroll of teleportation {@r4}, it crumbles to dust.
You feel strangely unstable.
The white ugly thing is engulfed in poison gas.
The white ugly thing looks as sick as possible!
The white ugly thing gores you!
* * * LOW HITPOINT WARNING * * *
The white ugly thing freezes you!!
You die...
Your body crumbles into a pile of gold.

Skill      XL: |  1  2  3  4  5  6  7  8  9 |
---------------+----------------------------+-----
Armour         | 1 2 3 5 |  5.6
Fighting       | 3 4 5 6 |  6.2
Staves         | 1 2 3 4 5 |  5.5
Evocations     | 1 2 3 4 |  4.3
Slings         | 5 |  5.4
Dodging        | |  2.0
Stealth        | |  1.0

Action                   |  1- 3 |  4- 6 |  7- 9 || total
-------------------------+-------+-------+-------++-------
Melee: Short sword       |    13 |       |       ||    13
       Spear             |       |    13 |     9 ||    22
       Trident           |       |       |   103 ||   103
       Punch             |       |       |     7 ||     7
       Whip              |       |       |   217 ||   217
 Fire: Hunting sling     |    89 |    93 |   157 ||   339
Throw: Dart              |       |     5 |    27 ||    32
       Javelin           |       |       |     5 ||     5
       Stone             |       |       |     1 ||     1
Evoke: Wand              |       |     5 |    18 ||    23
       Condenser vane    |       |       |     1 ||     1
  Use: Scroll            |       |     6 |     3 ||     9
Armor: Ring mail         |    18 |    23 |   139 ||   180
       Leather armour    |     1 |       |       ||     1
       Scale mail        |       |       |    45 ||    45
Dodge: Dodged            |    13 |    26 |   221 ||   260
Block: Other             |       |       |    73 ||    73
       Reflection        |       |       |     3 ||     3

Levels and vault maps discovered:
D:1:      lightli_arrival_statue_moat, layout_loops_corners, serial_aquarium,
          aquarium_bridge_straight [aquarium_subvault_bridge,
          aquarium_subvault_wall, aquarium_subvault_bridge,
          aquarium_subvault_balcony], aquarium_window_1, aquarium_window_2,
          aquarium_window_corner, aquarium_view_2b
D:2:      cheibrodos_greedy_goblins, layout_loops_ring
D:3:      layout_basic, dreamdust_ecumenical_altar_statues,
          chequers_serial_rivers_micro_d
D:4:      minmay_angry_zag, layout_basic, lemuel_doored_altar, tso_altar,
          uniq_robin
D:5:      layout_loops_ring, gammafunk_temple_overflow_elements, serial_shops,
          shop
D:6:      layout_gridville, grunt_dithmenos_shadows, cheibrodos_worm_habitat,
          portal_sewer_entry_b
D:7:      layout_layer_cave, bloody_trog, minmay_temple_entry_junction

Notes
Turn   | Place    | Note
-------+----------+-------------------------------------------
     0 | D:1      | agentchuck the Human Hunter began the quest for the Orb.
     0 | D:1      | Reached XP level 1. HP: 16/16 MP: 1/1
   301 | D:1      | Reached XP level 2. HP: 22/22 MP: 2/2
   842 | D:1      | You fall into a shaft and drop 1 floor!
  1350 | D:2      | Reached skill level 1 in Armour
  1350 | D:2      | Reached XP level 3. HP: 28/28 MP: 3/3
  1828 | D:2      | Reached XP level 4. HP: 34/34 MP: 4/4
  2468 | D:3      | Reached skill level 3 in Fighting
  2468 | D:3      | Reached skill level 1 in Staves
  2468 | D:3      | Reached skill level 1 in Evocations
  2468 | D:3      | Reached XP level 5. HP: 32/41 MP: 5/5
  2556 | D:3      | Reached skill level 2 in Armour
  3191 | D:3      | Found a faded altar of an unknown god.
  3595 | D:4      | Reached XP level 6. HP: 47/47 MP: 6/6
  3632 | D:4      | Reached skill level 2 in Staves
  3632 | D:4      | Reached skill level 2 in Evocations
  3754 | D:4      | Found an opulent altar of Gozag.
  3757 | D:4      | Became a worshipper of Gozag Ym Sagoz the Greedy
  3824 | D:4      | Noticed Robin
  3888 | D:3      | Killed Robin
  3932 | D:3      | Reached skill level 4 in Fighting
  3932 | D:3      | Reached skill level 3 in Armour
  3932 | D:3      | Reached XP level 7. HP: 24/54 MP: 7/7
  4312 | D:4      | Found a glowing golden altar of the Shining One.
  4872 | D:5      | Entered Level 5 of the Dungeon
  4891 | D:5      | Reached skill level 3 in Staves
  5476 | D:5      | Reached XP level 8. HP: 56/61 MP: 8/8
  5639 | D:5      | Found a basalt altar of Yredelemnul.
  5639 | D:5      | Found a broken altar of Ashenzari.
  5673 | D:5      | Reached skill level 4 in Armour
  5767 | D:5      | Reached skill level 5 in Slings
  5778 | D:5      | Found Wojunac's Armour Shop.
  5785 | D:5      | Bought a +4 ring mail of fire resistance for 341 gold
                  | pieces
  6074 | D:6      | Reached skill level 5 in Fighting
  6082 | D:6      | Reached skill level 4 in Staves
  6365 | D:6      | Found a snail-covered altar of Cheibriados.
  6608 | D:6      | Found a glowing drain.
  6625 | Sewer    | Entered a sewer
  7009 | Sewer    | Reached skill level 3 in Evocations
  7689 | D:6      | Found a shadowy altar of Dithmenos.
  7913 | D:7      | Noticed a hornet
  7921 | D:7      | Found a staircase to the Ecumenical Temple.
  7958 | D:7      | Noticed a white ugly thing
  8054 | D:6      | Reached skill level 5 in Armour
  8054 | D:6      | Reached XP level 9. HP: 44/68 MP: 9/9
  8326 | D:7      | Reached skill level 5 in Staves
  8351 | D:7      | Identified the ring of Linearity {Fly rElec rF++ SInv}
  8615 | D:7      | Reached skill level 6 in Fighting
  8615 | D:7      | Reached skill level 4 in Evocations
  8993 | D:7      | Found a bloodstained altar of Trog.
  9109 | D:7      | Slain by a white ugly thing

Vanquished Creatures
  2 ice beasts
  2 black bears
  A phantom (D:4)
  2 bullfrogs
  3 scorpions
  A wyvern skeleton (D:7)
  6 killer bees (D:7)
  5 jellies
  6 hounds
  An orc priest (D:6)
  A centaur skeleton (D:7)
  An iguana (D:7)
  4 orc wizards
  Robin (D:3)
  14 adders
  A howler monkey skeleton (D:6)
  A river rat (D:6)
  A shadow imp (D:6)
  3 white imps
  An ufetubus (D:4)
  An adder skeleton (D:4)
  A worm (D:6)
  2 dart slugs (D:5)
  27 orcs
  12 endoplasms
  5 giant cockroaches
  15 goblins
  13 hobgoblins
  8 jackals
  6 quokkas
  10 ball pythons
  A bat (D:1)
  12 frilled lizards
  5 kobolds
  5 rats
180 creatures vanquished.

Table legend: (Time is in decaauts)
 A = Elapsed time spent in this place.
 B = Non-inter-level travel time spent in this place.
 C = Inter-level travel time spent in this place.
 D = Time resting spent in this place.
 E = Time spent auto-exploring this place.
 F = Levels seen in this place.
 G = Mean time per level.
                   A        B        C        D        E       F      G
               +--------+--------+--------+--------+--------+-----+--------+
         Total |   9169 |   8782 |    387 |   1811 |   4393 |   8 | 1146.1 |
       Dungeon |   8537 |   8150 |    387 |   1633 |   4393 |   7 | 1219.6 |
         Sewer |    631 |    631 |      0 |    178 |      0 |   1 |  631.0 |
               +--------+--------+--------+--------+--------+-----+--------+

Top non-repeatable levels by time:
     D:3: 1709 daAuts
     D:6: 1494 daAuts
     D:5: 1172 daAuts
     D:1: 1109 daAuts
     D:4: 1053 daAuts
     D:2: 1008 daAuts
     D:7: 990 daAuts
   Sewer: 631 daAuts

Table legend:
 A = Non-vault XP
 B = Vault XP
 C = Vault XP percentage of total XP
 D = Non-vault monster count
 E = Vault monster count
 F = Vault count percentage of total count
                 A         B        C        D         E       F
            +---------+---------+-------+---------+---------+-------
      Total |    2347 |     416 |  15.1 |     124 |      56 |  31.1
            +---------+---------+-------+---------+---------+-------
        D:1 |      24 |       0 |   0.0 |      15 |       0 |   0.0
        D:2 |      20 |      32 |  61.5 |      11 |      16 |  59.3
        D:3 |     173 |     149 |  46.3 |      16 |       5 |  23.8
        D:4 |     260 |      11 |   4.1 |      18 |       6 |  25.0
        D:5 |     612 |       0 |   0.0 |      20 |       0 |   0.0
        D:6 |     435 |      31 |   6.7 |      23 |       5 |  17.9
        D:7 |     823 |       0 |   0.0 |      21 |       0 |   0.0
      Sewer |       0 |     193 | 100.0 |       0 |      24 | 100.0
            +---------+---------+-------+---------+---------+-------
